 Dungeon Crawl Stone Soup version 0.26.1-2-gb8aa6d0cf2 (webtiles) character file.

Game seed: 7450524626549955064

8 Chiseanne the Grave Robber (level 2, 21/21 HPs)
             Began as a Demonspawn Wanderer on Mar 3, 2021.
             Quit the game on level 1 of the Dungeon.
             The game lasted 00:01:08 (647 turns).

Chiseanne the Grave Robber (Demonspawn Wanderer)     Turns: 647, Time: 00:01:09

Health: 21/21      AC:  3    Str: 13    XL:     2   Next: 0%
Magic:  3/3        EV: 11    Int: 15    God:
Gold:   26         SH:  0    Dex:  9    Spells: 2/3 levels left

rFire    . . .     SeeInvis .   a - +0 club
rCold    . . .     Faith    .   (no shield)
rNeg     . . .     Spirit   .   d - +0 robe
rPois    .         Reflect  .   c - +0 helmet
rElec    .         Harm     .   (no cloak)
rCorr    .         Rampage  .   (no gloves)
Will     .....                  (no boots)
Stlth    +.........             (no amulet)
HPRegen  0.07/turn              (no ring)
MPRegen  0.08/turn              (no ring)

@: no status effects
A: hooves 1
a: no special abilities


You were on level 1 of the Dungeon.
You visited 1 branch of the dungeon, and saw 1 of its levels.

You collected 26 gold pieces.

Inventory:

Hand Weapons
 a - a +0 club (weapon)
Missiles
 e - 19 sling bullets
Armour
 b - a +0 buckler
 c - a +0 helmet (worn)
 d - a +0 robe (worn)


   Skills:
 * Level 1.3 Fighting
 - Level 1.7 Crossbows
 - Level 1.0 Throwing
 * Level 0.4 Dodging
 - Level 1.0 Shields
 * Level 1.2 Spellcasting
 * Level 0.5 Conjurations
 - Level 1.0 Hexes
 - Level 3.2 Necromancy


You had 2 spell levels left.
You knew the following spells:

 Your Spells              Type           Power        Failure   Level
a - Magic Dart            Conj           8%           19%         1

Your spell library contained the following spells:

 Spells                   Type           Power        Failure   Level
 Sublimation of Blood     Necr           5%           10%         2
 Corpse Rot               Necr/Air       N/A          19%         2
 Freeze                   Ice            0%           24%         1
 Slow                     Hex            3%           24%         2
 Blink                    Tloc           N/A          36%         2
 Call Imp                 Summ           0%           36%         2
 Conjure Flame            Conj/Fire      1%           54%         3
 Mephitic Cloud           Conj/Pois/Air  1%           54%         3
 Ozocubu's Armour         Ice            0%           58%         3


Dungeon Overview and Level Annotations

Branches:
Dungeon (1/15)

Altars:


Innate Abilities, Weirdness & Mutations

You have large cloven feet.


Message History

The leopard gecko is severely wounded.
The leopard gecko bites you.
You barely miss the leopard gecko.
The leopard gecko is severely wounded.
The leopard gecko closely misses you. The leopard gecko bites you.
Casting: Magic Dart (safe; 21% risk of failure)
Confirm with . or Enter, or press ? or * to list all spells.
Aiming: Magic Dart (safe; 21% risk of failure)
Press: ? - help, Shift-Dir - straight line, f - leopard gecko
Aim: a leopard gecko (severely wounded, 0% to evade)
The magic dart hits the leopard gecko.
The leopard gecko is almost dead.
The leopard gecko bites you.
* * * LOW HITPOINT WARNING * * *
You hit the leopard gecko.
You kill the leopard gecko!
You have reached level 2!
Your demonic ancestry asserts itself...
Your feet thicken and deform.
Are you sure you want to abandon this character and quit the game? (Confirm with "yes".)

.# .# .# .# l# .#
#######.#####
#..@÷.......# #
#####.#####.###.#
# ...#.# ..# #
###.#.# ...# #
#.....# ..## #
##.#.### .## # #
#....# .# #
#.#.###†## .#
##### .. ##.#


There were no monsters in sight!

Vanquished Creatures
  A leopard gecko (D:1)
  2 bats (D:1)
  2 giant cockroaches (D:1)
  A kobold (D:1)
6 creatures vanquished.

Notes
Turn   | Place    | Note
-------+----------+-------------------------------------------
     0 | D:1      | Chiseanne the Demonspawn Wanderer began the quest for the
                  | Orb.
     0 | D:1      | Chiseanne set off with the following items: a +0 club, a +0
                  | robe; and the following spells available to memorise:
                  | Sublimation of Blood, Corpse Rot, Freeze, Magic Dart, Slow,
                  | Blink, Call Imp, Conjure Flame, Mephitic Cloud, Ozocubu's
                  | Armour
     0 | D:1      | Reached XP level 1. HP: 15/15 MP: 2/2
     2 | D:1      | Learned a level 1 spell: Magic Dart
   440 | D:1      | Gained mutation: You have large cloven feet. [demonic
                  | ancestry]
   440 | D:1      | Reached XP level 2. HP: 6/21 MP: 0/3
   647 | D:1      | Quit the game

Illustrated notes

Levels and vault maps discovered:
D:1:      dpeg_arrival_simpleton_c, layout_loops_corners

Action                   || total
-------------------------++-------
Melee: Club              ||    44
 Cast: Magic Dart        ||     6
Armor: Robe              ||    19
Dodge: Dodged            ||    28
